 Dungeon Crawl Stone Soup version 0.29.1-12-g30fa7ad0bf (webtiles) character file.

Game seed: 8779699003775557352

5749 Oxelix the Severer (level 10, -12/93 HPs)
             Began as a Minotaur Berserker on Jan 4, 2023.
             Was an Elder of Trog.
             Mangled by a troll (13 damage)
             ... on level 1 of the Orcish Mines.
             The game lasted 00:22:14 (10713 turns).

Oxelix the Severer (Minotaur Berserker)            Turns: 10713, Time: 00:22:14

Health: -12/93     AC: 10    Str: 26    XL:     10   Next: 49%
Magic:  0/18       EV: 11    Int:  4    God:    Trog [****..]
Gold:   325        SH:  0    Dex: 10    Spells: 9/9 levels left

rFire   . . .      SeeInvis .   F - +0 battleaxe
rCold   + . .      Faith    .   (shield currently unavailable)
rNeg    . . .      Spirit   +   D - +4 ring mail {Will+}
rPois   .          Reflect  .   (helmet restricted)
rElec   .          Harm     .   (no cloak)
rCorr   +          Rampage  .   (no gloves)
Will    +++..                   m - +0 pair of boots
Stlth   ..........              l - amulet of guardian spirit
HPRegen 1.25/turn               p - ring of resist corrosion
MPRegen 0.16/turn               A - ring of magical power

@: strong-willed, regenerating
A: horns 2, retaliatory headbutt, cold resistance 1, sense surroundings 1,
screaming 1
a: Renounce Religion, Berserk, Trog's Hand, Brothers in Arms


You were on level 1 of the Orcish Mines.
You worshipped Trog.
Trog was greatly pleased with you.
You visited 3 branches of the dungeon, and saw 11 of its levels.

You collected 422 gold pieces.
You spent 97 gold pieces at shops.

Inventory:

Hand Weapons
 u - a +3 flail of holy wrath
 w - a +4 long sword of holy wrath
 z - a +3 flail of protection
 F - a +0 battleaxe (weapon)
 N - a +1 trident of holy wrath
 O - a +3 war axe
Missiles
 j - 6 javelins (quivered)
 B - 3 throwing nets
Armour
 m - a +0 pair of boots (worn)
 n - a +0 kite shield
 D - a +4 ring mail of willpower (worn)
Jewellery
 a - a +6 ring of dexterity
 l - an amulet of guardian spirit (around neck)
 o - a ring of fire
 p - a ring of resist corrosion (left hand)
 q - a ring of ice
 t - an amulet of magic regeneration
 A - a ring of magical power (right hand)
 I - a ring of poison resistance
Wands
 C - a wand of charming (14)
 H - a wand of polymorph (6)
 P - a wand of light (1)
 Q - a wand of flame (6)
Scrolls
 c - 3 scrolls of identify
 d - 6 scrolls of blinking
 e - 3 scrolls of fear
 g - a scroll of amnesia {unknown}
 h - a scroll of acquirement {unknown}
 s - a scroll of fog {unknown}
 v - 2 scrolls of teleportation
 x - 2 scrolls of magic mapping {unknown}
 y - 2 scrolls of poison
 E - a scroll of summoning {unknown}
 G - 2 scrolls of immolation
 J - 2 scrolls of enchant armour
Potions
 f - a potion of ambrosia {unknown}
 i - 3 potions of curing
 k - a potion of brilliance {unknown}
 r - 3 potions of lignification
 K - 2 potions of attraction {unknown}
 L - a potion of might
 M - 2 potions of berserk rage


   Skills:
 + Level 10.1 Fighting
 - Level 16.2 Axes
 * Level 3.3 Armour
 - Level 2.1 Dodging


You had 9 spell levels left.
You didn't know any spells.
Your spell library was empty.

Dungeon Overview and Level Annotations

Branches:
Dungeon (9/15)             Temple (1/1) D:5            Lair (0/5) D:9
    Orc (1/2) D:9

Altars:
Ashenzari
Cheibriados
Dithmenos
Elyvilon
Fedhas
Gozag
Hepliaklqana
Kikubaaqudgha
Makhleb
Nemelex Xobeh
Okawaru
Ru
Sif Muna
Trog
Vehumet
Wu Jian
Xom
Yredelemnul
Zin
The Shining One

Shops:
D:8 *   Orc:1 (


Innate Abilities, Weirdness & Mutations

You have a pair of horns on your head.
You reflexively headbutt those who attack you in melee.
Your flesh is cold resistant. (rC+)
You passively map a small area around you.
You occasionally shout uncontrollably at your foes.


Message History

You easily resist.
Things that are here:
a +0 club; an orc corpse A troll comes into view.
You see here 25 gold pieces.
You completely miss the orc priest. The orc priest barely misses you.
An orc warrior comes into view. It is wielding a +0 battleaxe.
You closely miss the orc priest. You headbutt the orc priest!
The orc priest is almost dead.
The orc priest invokes the aid of Beogh against you.
Beogh smites you!
The orc warrior unwields a +0 battleaxe.
The orc warrior wields a +2 arbalest of freezing.
It is covered in frost.
The orc warrior shoots a bolt.
The bolt hits you.
You barely miss the orc priest. You headbutt the orc priest.
You kill the orc priest!
Trog accepts your kill.
Your skin crawls.
You feel strong-willed.
The orc warrior shoots a bolt.
The bolt hits you!!
* * * LOW HITPOINT WARNING * * *
The bolt freezes you.
* * * LOW HITPOINT WARNING * * *
You hear a shout!
An orc warrior comes into view. It is wielding a +0 mace.
The orc warrior shouts!
You completely miss the troll.
An orc wizard comes into view. It is wielding a +0 dagger.
The troll bites you!
* * * LOW HITPOINT WARNING * * *
The troll claws you!
* * * LOW HITPOINT WARNING * * *
The troll claws you.
* * * LOW HITPOINT WARNING * * *
You feel better.
The orc warrior hits you with a +0 mace!
* * * LOW HITPOINT WARNING * * *
An orc priest comes into view. It is wielding a +0 whip.
The troll bites you!
You die...

# ###### ## *
.#.##..$.######.## ..#
..........##.#...#....
.#.......#.......#....,
......><..............
.....∩.∩..))......$...
, ,
......o..))).)......>.
.....∩.∩...)..........
..........o.T@$.......
.....#......o.).......
,
*#.#.#.......##........
#####.......##........
, #........#........
.........##.#..... ,
..#.... o.....# , ,...
....... ,,


You could see a troll, 2 orc warriors, an orc priest and an orc wizard.

Vanquished Creatures
  Harold (D:9)
  A troll (D:9)
  2 hornets (D:8)
  3 wyverns
  2 humans (D:8)
  A steam dragon (D:7)
  Edmund (D:4)
  A water moccasin (D:9)
  Duvessa (D:5)
  4 orc warriors
  A sky beast (D:6)
  2 ice beasts
  An ogre (D:7)
  2 centaurs
  2 kobold brigands
  A gnoll sergeant (D:8)
  6 bullfrogs
  3 necrophages
  4 scorpions
  9 wights (D:9)
  Dowan (D:5)
  4 howler monkeys
  A jelly (D:4)
  3 hounds
  2 orc priests
  Ijyb (D:5)
  2 iguanas
  A scorpion zombie (D:4)
  7 orc wizards
  A hound zombie (D:4)
  A howler monkey zombie (D:4)
  9 gnolls
  5 adders
  An ufetubus (D:4)
  An adder zombie (D:4)
  A worm (D:2)
  5 dart slugs
  33 orcs
  5 bats
  10 endoplasms
  4 hobgoblins
  6 jackals
  A quokka (D:1)
  12 ball pythons
  4 frilled lizards
  9 goblins
  14 kobolds
  3 rats
195 creatures vanquished.

Vanquished Creatures (others)
  27 plants (D:4)
27 creatures vanquished.

Grand Total: 222 creatures vanquished

Notes
Turn   | Place    | Note
-------+----------+-------------------------------------------
     0 | D:1      | Oxelix the Minotaur Berserker began the quest for the Orb.
     0 | D:1      | Reached XP level 1. HP: 19/19 MP: 0/0
    94 | D:1      | Reached skill level 4 in Axes
   296 | D:1      | Reached XP level 2. HP: 26/26 MP: 1/1
   627 | D:1      | Reached skill level 5 in Axes
   753 | D:1      | Reached XP level 3. HP: 31/31 MP: 2/2
   759 | D:1      | Reached ** piety under Trog
  1868 | D:3      | Reached XP level 4. HP: 35/39 MP: 3/3
  1901 | D:3      | Reached skill level 6 in Axes
  2447 | D:4      | Reached skill level 7 in Axes
  2447 | D:4      | Reached XP level 5. HP: 42/45 MP: 4/4
  2470 | D:4      | Found a basalt altar of Yredelemnul.
  2564 | D:4      | Noticed Edmund
  2605 | D:4      | Killed Edmund
  2606 | D:4      | Reached skill level 8 in Axes
  2606 | D:4      | Reached XP level 6. HP: 32/51 MP: 5/5
  2799 | D:4      | Reached skill level 9 in Axes
  3189 | D:4      | Found a sacrificial altar of Ru.
  3196 | D:4      | Found a shadowy altar of Dithmenos.
  3349 | D:4      | Reached *** piety under Trog
  3601 | D:5      | Entered Level 5 of the Dungeon
  3676 | D:5      | Reached XP level 7. HP: 40/57 MP: 4/6
  3821 | D:5      | Found a shimmering altar of Xom.
  3979 | D:5      | Found a shimmering altar of Xom.
  3981 | D:5      | Found a shimmering altar of Xom.
  3981 | D:5      | Found a shimmering altar of Xom.
  4007 | D:5      | Reached skill level 10 in Axes
  4084 | D:5      | Noticed Ijyb
  4104 | D:5      | Killed Ijyb
  4375 | D:5      | Found an ancient bone altar of Kikubaaqudgha.
  4436 | D:5      | Found a staircase to the Ecumenical Temple.
  4441 | Temple   | Entered the Ecumenical Temple
  5115 | D:5      | Noticed Dowan
  5116 | D:5      | Noticed Duvessa
  5128 | D:5      | Killed Dowan
  5129 | D:5      | Reached skill level 11 in Axes
  5133 | D:5      | Killed Duvessa
  5480 | D:5      | Reached XP level 8. HP: 60/67 MP: 7/7
  5782 | D:6      | Reached skill level 5 in Fighting
  5833 | D:6      | Reached skill level 12 in Axes
  6435 | D:6      | Found a glowing golden altar of the Shining One.
  6654 | D:7      | Reached skill level 13 in Axes
  6656 | D:7      | Reached XP level 9. HP: 43/78 MP: 8/8
  6775 | D:7      | Reached **** piety under Trog
  6922 | D:7      | Found a hazy altar of Hepliaklqana.
  7457 | D:7      | Found a white marble altar of Elyvilon.
  7459 | D:7      | Gained mutation: You occasionally shout uncontrollably at
                  | your foes. [potion of mutation]
  7459 | D:7      | Gained mutation: You passively map a small area around you.
                  | [potion of mutation]
  7459 | D:7      | Gained mutation: Your flesh is cold resistant. (rC+)
                  | [potion of mutation]
  7857 | D:8      | Paralysed by a hornet for 2 turns
  7884 | D:8      | Reached skill level 14 in Axes
  8532 | D:9      | Reached skill level 15 in Axes
  8613 | D:9      | Found a staircase to the Lair.
  8628 | D:9      | Noticed Harold
  8639 | D:9      | Killed Harold
  8640 | D:9      | Reached XP level 10. HP: 49/91 MP: 9/9
  9176 | D:9      | Found a staircase to the Orcish Mines.
  9231 | D:9      | Found a broken altar of Ashenzari.
  9615 | D:8      | Reached skill level 16 in Axes
  9617 | D:8      | Found an iron altar of Okawaru.
  9742 | D:8      | Found Soikatun's General Store.
  9745 | D:8      | Bought a scroll of enchant armour for 97 gold pieces
 10280 | D:9      | Found a shimmering blue altar of Sif Muna.
 10459 | D:9      | Found a burning altar of Makhleb.
 10459 | D:9      | Noticed a cacodemon
 10686 | Orc:1    | Entered Level 1 of the Orcish Mines
 10686 | Orc:1    | Found Ceschoedd's Weapon Shop.
 10695 | Orc:1    | Reached skill level 10 in Fighting
 10712 | Orc:1    | HP: 2/93 [troll (4)]
 10713 | Orc:1    | Mangled by a troll

Illustrated notes

Levels and vault maps discovered:
D:1:      co_arrival_random_square_maze, layout_loops_cross,
          grunt_decor_mini_mirrors
D:2:      layout_basic, chequers_serial_rivers_marsh
D:3:      layout_basic
D:4:      wad_woods_pond, layout_loops_ring, nicolae_yredelemnul_corpse_copse,
          mainiacjoe_overflow_catwalk_spiral, hangedman_minor_gate_pass,
          uniq_edmund
D:5:      layout_layer_cave, nicolae_overflow_crystal_walls, xom_redecorated,
          temple_doors_ab, uniq_duvessa, uniq_ijyb
D:6:      layout_cave_pools, tso_altar
D:7:      layout_basic, lemuel_coloured_pillars_altar,
          mainiacjoe_overflow_alcove_1
D:8:      layout_basic, okawaru_humans, serial_shops, nicolae_shop_behind_doors
D:9:      layout_loops_ring, nicolae_ashenzari_panopticon,
          kennysheep_orc_sif_temple, makhleb_altar_promises_db,
          lair_entry_dummy, david_orc_2, minmay_misc_feat_iff, uniq_harold
Temple:   nicolae_temple_godpark
Orc:1:    layout_caves, serial_shops, nicolae_shop_competitors_out_of_business,
          uniq_erica, uniq_maurice

Skill      XL: |  1  2  3  4  5  6  7  8  9 10 |
---------------+-------------------------------+-----
Axes           | 4 5 7 8 9 11 13 15 16 | 16.2
Fighting       | 4 6 9 10 | 10.1
Armour         | 3 |  3.3
Dodging        | |  2.1

Action                   |  1- 3 |  4- 6 |  7- 9 | 10-12 || total
-------------------------+-------+-------+-------+-------++-------
Melee: Hand axe          |    73 |   111 |   134 |       ||   318
       Punch             |     1 |       |       |       ||     1
       Headbutt          |    10 |    17 |    36 |    18 ||    81
       Battleaxe         |       |       |   101 |    93 ||   194
Throw: Javelin           |     4 |       |       |       ||     4
Invok: Berserk           |       |     1 |     7 |     2 ||    10
       Trog's Hand       |       |       |       |     1 ||     1
  Use: Scroll            |       |       |    10 |     1 ||    11
       Potion            |       |       |     1 |     1 ||     2
 Stab: Sleeping          |     1 |       |       |       ||     1
Armor: Animal skin       |     8 |       |       |       ||     8
       Chain mail        |    10 |    30 |       |       ||    40
       Scale mail        |       |    17 |    49 |       ||    66
       Ring mail         |       |       |    54 |    21 ||    75
Dodge: Dodged            |    55 |    36 |   104 |    49 ||   244
Block: Kite shield       |     6 |    23 |    23 |       ||    52
